 Dungeon Crawl Stone Soup version 0.21.0-3-g78d12a8 (webtiles) character file.

2608 sagitran the Chiller (level 9, -15/70 HPs)
             Began as a Purple Draconian Ice Elementalist on Jan 8, 2018.
             Was a Follower of Sif Muna.
             Demolished by a two-headed ogre
             ... wielding a +0 giant spiked club
              (21 damage)
             ... on level 8 of the Dungeon on Jan 10, 2018.
             The game lasted 01:02:46 (8610 turns).

sagitran the Chiller (DrIE)                         Turns: 8610, Time: 01:02:46

Health: -15/70     AC: 15    Str: 11    XL:     9   Next: 33%
Magic:  3/18       EV: 14    Int: 24    God:    Sif Muna [*.....]
Gold:   418        SH:  0    Dex: 11    Spells: 4/21 levels left

rFire    . . .     SeeInvis .   s - +1 dire flail (freeze)
rCold    . . .     Gourm    .   (shield currently unavailable)
rNeg     . . .     Faith    .   (armour unavailable)
rPois    .         Spirit   .   (helmet restricted)
rElec    .         Reflect  .   (no cloak)
rCorr    +         Harm     .   (no gloves)
MR       +....                  m - +1 pair of boots
Stlth    ++........             n - amulet of regeneration
HPRegen  0.61/turn              q - ring of resist corrosion
MPRegen  0.16/turn              (no ring)

@: brilliant, icy armour, short of breath, divine energy, slow
A: breathe power, unfitting armour, cold-blooded, AC +7
a: Breathe Dispelling Energy, Stop Divine Energy, Renounce Religion


You were on level 8 of the Dungeon.
You worshipped Sif Muna.
Sif Muna was aware of your devotion.
You were not hungry.

You visited 2 branches of the dungeon, and saw 9 of its levels.

You collected 418 gold pieces.

Inventory:

Hand Weapons
 e - a +0 whip
 g - a +0 dagger of protection
 s - a +1 dire flail of freezing (weapon)
 x - a +0 flail of crushing
 D - a +1 dagger of draining
Missiles
 c - 73 stones
 l - 4 tomahawks (quivered)
Armour
 m - a +1 pair of boots (worn)
Jewellery
 n - an amulet of regeneration (around neck)
 q - a ring of resist corrosion (left hand)
 E - an uncursed amulet of magic regeneration
Scrolls
 d - a scroll of fog {unknown}
 h - 4 scrolls of teleportation
 i - 2 scrolls of identify
 p - a scroll of amnesia {unknown}
 t - a scroll of magic mapping {unknown}
 v - 2 scrolls of remove curse {unknown}
 w - a scroll of summoning {unknown}
 y - a scroll of enchant weapon {unknown}
 A - a scroll of random uselessness {unknown}
Potions
 f - a potion of ambrosia
 j - a potion of cancellation
 k - a potion of agility
 o - 2 potions of lignification
 r - 2 potions of curing
 u - a potion of haste {unknown}
 z - a potion of brilliance
 B - a potion of degeneration {unknown}
 C - a potion of mutation {unknown}
Books
 a - a book of Frost

   Spells                             Type                      Level
   a - Freeze                         Ice                          1
   b - Throw Frost                    Conjuration/Ice              2
   c - Ozocubu's Armour               Charms/Ice                   3
   d - Throw Icicle                   Conjuration/Ice              4
   e - Summon Ice Beast               Ice/Summoning                4
 F - a book of Callings

   Spells                             Type                      Level
   a - Summon Small Mammal            Summoning                    1
   b - Call Imp                       Summoning                    2
   c - Call Canine Familiar           Summoning                    3
   d - Summon Guardian Golem          Hexes/Summoning              3
   e - Summon Lightning Spire         Summoning/Air                4
   f - Summon Ice Beast               Ice/Summoning                4
Comestibles
 b - 6 rations
 G - 5 chunks of flesh


   Skills:
 + Level 3.4 Fighting
 + Level 1.1 Short Blades
 + Level 5.6 Maces & Flails
 + Level 1.0 Throwing
 + Level 5.0 Dodging
 + Level 3.4 Stealth
 + Level 0.1 Unarmed Combat
 + Level 6.6 Spellcasting
 + Level 2.0 Conjurations
 + Level 1.7 Charms
 + Level 0.8 Summonings
 + Level 6.6 Ice Magic


You had 4 spell levels left.
You knew the following spells:

 Your Spells              Type           Power        Failure   Level  Hunger
a - Freeze                Ice            ####         1%          1    None
b - Throw Frost           Conj/Ice       #####.       1%          2    None
c - Ozocubu's Armour      Chrm/Ice       #####...     1%          3    None
d - Summon Ice Beast      Ice/Summ       #####...     1%          4    ###....
e - Throw Icicle          Conj/Ice       #####...     1%          4    ###....
f - Summon Guardian Gole  Hex/Summ       ###.....     2%          3    None


Dungeon Overview and Level Annotations

Branches:
Dungeon (8/15)             Temple (1/1) D:5
   Lair: D:8-11

Altars:
Ashenzari
Cheibriados
Dithmenos
Elyvilon
Fedhas
Gozag
Hepliaklqana
Kikubaaqudgha
Makhleb
Okawaru
Qazlal
Ru
Sif Muna
Uskayaw
Vehumet
Wu Jian
Xom
Yredelemnul
Zin
The Shining One

Annotations:
D:8 Maurice


Innate Abilities, Weirdness & Mutations

You can breathe bolts of dispelling energy.
Your rich purple scales are hard. (AC +7)
You cannot fit into any form of body armour.
You are cold-blooded and may be slowed by cold attacks.


Message History

Something steals 130 of your 203 stones!
The two-headed ogre misses you.
The two-headed ogre hits you with a giant club!
* * * LOW HITPOINT WARNING * * *
Okay, then.
Okay, then.
Press: ? - help, Shift-Dir - straight line, f - two-headed ogre
Aim: a two-headed ogre, wielding a giant spiked club and a giant club (lightly wounded)
You breathe a bolt of dispelling energy.
The bolt of dispelling energy hits the two-headed ogre.
The two-headed ogre is moderately wounded.
You feel somewhat more hungry. Something hits you but does no damage.
A stone appears from out of thin air!
The stone barely misses you.
You see here a stone.
Okay, then.
A stone appears from out of thin air!
The stone hits you but does no damage.
The two-headed ogre hits you with a giant spiked club!
* * * LOW HITPOINT WARNING * * *
The two-headed ogre hits you with a giant club!!
You die...

#........#......#
#.....>..#......#
#........'......#
#........########
#........#......#
#......{.#......#......##
#........#......#........
#.......O#......#........
#.......@#......#........
#........#'######........
#........................
#......................##
#...)..................'.
#..................†...#.
#......................#.
#........###############.
#........# #.


You could see a two-headed ogre.

Vanquished Creatures
  Grinder (D:3)
  Edmund (D:4)
  Purgy (D:2)
  3 sky beasts
  An ogre (D:8)
  2 centaurs
  4 bullfrogs
  A scorpion (D:6)
  4 wights (D:6)
  A howler monkey (D:4)
  A centaur zombie (D:7)
  A bullfrog zombie (D:5)
  A hound (D:7)
  9 orc wizards
  An orc priest (D:6)
  A centaur skeleton (D:6)
  2 iguanas
  Ijyb (D:3)
  5 worker ants
  A killer bee zombie (D:6)
  A hound skeleton (D:4)
  A howler monkey zombie (D:6)
  15 adders
  4 oozes
  An adder zombie (D:5)
  2 worms (D:2)
  4 dart slugs
  6 leopard geckos
  20 orcs
  A ball python (D:4)
  7 giant cockroaches
  8 goblins
  5 hobgoblins
  10 jackals
  12 kobolds
  4 quokkas
  A ball python skeleton (D:6)
  4 bats
  7 frilled lizards
  A quokka skeleton (D:6)
  A quokka zombie (D:5)
  7 rats
164 creatures vanquished.

Vanquished Creatures (collateral kills)
  The ghost of Inarius the Chiller, a novice DrIE of Hepliaklqana (D:5)
  Duvessa (D:6)
  Dowan (D:6)
  A wight (D:6)
  A worker ant (D:4)
  An orc (D:4)
6 creatures vanquished.

Grand Total: 170 creatures vanquished

Notes
Turn   | Place    | Note
-------+----------+-------------------------------------------
     0 | D:1      | sagitran the Draconian Ice Elementalist began the quest for the Orb.
     0 | D:1      | Reached XP level 1. HP: 14/14 MP: 3/3
   341 | D:1      | Reached XP level 2. HP: 20/20 MP: 5/5
   349 | D:1      | Learned a level 2 spell: Throw Frost
  1061 | D:1      | You fall through a shaft!
  1448 | D:1      | Reached XP level 3. HP: 22/26 MP: 6/6
  1453 | D:1      | Learned a level 3 spell: Ozocubu's Armour
  1981 | D:2      | Noticed a sky beast
  2246 | D:2      | Reached XP level 4. HP: 6/34 MP: 8/8
  2571 | D:2      | Reached skill level 1 in Maces & Flails
  2632 | D:2      | Found a burning altar of Makhleb.
  2780 | D:2      | Killed a sky beast
  2780 | D:2      | Reached skill level 1 in Fighting
  2780 | D:2      | Reached XP level 5. HP: 24/40 MP: 4/9
  2836 | D:3      | Reached skill level 1 in Short Blades
  2977 | D:3      | Noticed Purgy
  3299 | D:3      | Found a faded altar of an unknown god.
  3310 | D:3      | Noticed Ijyb
  3311 | D:3      | Found a shattered altar of Ashenzari.
  3321 | D:3      | Killed Ijyb
  3432 | D:3      | Noticed Grinder
  3584 | D:3      | Reached XP level 6. HP: 25/47 MP: 10/10
  3680 | D:2      | Killed Purgy
  4125 | D:3      | Learned a level 4 spell: Summon Ice Beast
  4151 | D:3      | Paralysed by Grinder for 2 turns
  4155 | D:3      | Paralysed by Grinder for 3 turns
  4171 | D:3      | Killed Grinder
  4171 | D:3      | Your scales start taking on a rich purple colour.
  4171 | D:3      | Reached XP level 7. HP: 34/55 MP: 2/13
  4526 | D:4      | Reached skill level 5 in Spellcasting
  4915 | D:4      | Reached skill level 1 in Throwing
  5014 | D:5      | Entered Level 5 of the Dungeon
  5296 | D:5      | Noticed Edmund
  5376 | D:4      | Killed Edmund
  5376 | D:4      | Reached skill level 5 in Ice Magic
  5376 | D:4      | Reached XP level 8. HP: 36/62 MP: 6/15
  5572 | D:4      | Learned a level 4 spell: Throw Icicle
  5639 | D:5      | Noticed Inarius's ghost (novice DrIE)
  5648 | D:5      | Killed Inarius's ghost
  5702 | D:5      | Found a staircase to the Ecumenical Temple.
  5706 | Temple   | Entered the Ecumenical Temple
  5959 | Temple   | Became a worshipper of Sif Muna the Loreminder
  6408 | D:6      | Reached skill level 1 in Charms
  6649 | D:6      | Noticed Dowan
  6651 | D:6      | Noticed Duvessa
  6929 | D:6      | Reached skill level 5 in Maces & Flails
  7011 | D:6      | Killed Duvessa
  7028 | D:6      | Killed Dowan
  7028 | D:6      | Reached skill level 5 in Dodging
  7105 | D:6      | Reached XP level 9. HP: 50/70 MP: 6/17
  7441 | D:6      | Reached * piety under Sif Muna
  7751 | D:7      | Found an ornate altar of the Wu Jian Council.
  7758 | D:7      | Found a stormy altar of Qazlal.
  7760 | D:7      | Found a snail-covered altar of Cheibriados.
  7761 | D:7      | Found a shimmering altar of Xom.
  8092 | D:7      | Found a glowing golden altar of the Shining One.
  8381 | D:8      | Noticed a two-headed ogre
  8476 | D:8      | Learned a level 3 spell: Summon Guardian Golem
  8569 | D:8      | Noticed Maurice
  8572 | D:8      | Noticed a two-headed ogre
  8610 | D:8      | Demolished by a two-headed ogre

Skill      XL: |  1  2  3  4  5  6  7  8  9 |
---------------+----------------------------+-----
Dodging        | 2 3 4 5 |  5.0
Maces & Flails | 2 3 4 5 |  5.6
Fighting       | 1 2 3 |  3.4
Stealth        | 2 3 |  3.4
Short Blades   | 1 |  1.1
Spellcasting   | 3 4 5 6 |  6.6
Ice Magic      | 4 5 6 |  6.6
Throwing       | 1 |  1.0
Charms         | 1 |  1.7
Conjurations   | 2 |  2.0
Unarmed Combat | |  0.1
Summonings     | |  0.8

Action                   |  1- 3 |  4- 6 |  7- 9 || total
-------------------------+-------+-------+-------++-------
Melee: Unarmed           |    25 |       |       ||    25
       Tailslap          |    15 |    23 |    27 ||    65
       Whip              |    77 |       |       ||    77
       Dagger            |    50 |    28 |       ||    78
       Mace              |     4 |   163 |    36 ||   203
       Flail             |       |       |   240 ||   240
       Dire flail        |       |       |    27 ||    27
Throw: Stone             |       |     4 |       ||     4
       Tomahawk          |       |       |     6 ||     6
 Cast: Freeze            |    19 |    24 |    82 ||   125
       Throw Frost       |     2 |     3 |    36 ||    41
       Ozocubu's Armour  |       |     1 |     6 ||     7
       Summon Ice Beast  |       |     1 |    14 ||    15
       Throw Icicle      |       |       |     1 ||     1
       Summon Guardian G |       |       |     2 ||     2
Invok: Divine Energy     |       |       |     1 ||     1
 Abil: Breathe Dispellin |       |       |     2 ||     2
Evoke: Wand              |       |       |     1 ||     1
  Use: Scroll            |       |     5 |     4 ||     9
       Potion            |       |       |     2 ||     2
 Stab: Sleeping          |     1 |     5 |     4 ||    10
       Distracted        |       |       |     1 ||     1
  Eat: Ration            |     1 |     2 |     4 ||     7
       Chunk             |     1 |     3 |     4 ||     8
Armor: Skin              |    68 |   100 |   170 ||   338
Dodge: Dodged            |   115 |   169 |   361 ||   645
